 Dungeon Crawl Stone Soup version 0.23.2-30-g0e89c35 (webtiles) character file.

Game seed: 8713576510984448009

1759 Fang the Skirmisher (level 9, -2/85 HPs)
             Began as a Gargoyle Berserker on June 10, 2019.
             Was a Priest of Trog.
             Killed from afar by an orc wizard (4 damage)
             ... with a magic dart
             ... on level 7 of the Dungeon.
             The game lasted 00:09:15 (7466 turns).

Fang the Skirmisher (Gargoyle Berserker)            Turns: 7466, Time: 00:09:16

Health: -2/85      AC: 16    Str: 30    XL:     9   Next: 7%
Magic:  9/9        EV: 11    Int:  7    God:    Trog [***...]
Gold:   368        SH:  0    Dex:  9    Spells: 8/8 levels left

rFire    . . .     SeeInvis .   a - +0 war axe
rCold    . . .     Gourm    .   (no shield)
rNeg     + . .     Faith    .   b - +0 chain mail
rPois    ∞         Spirit   .   (no helmet)
rElec    +         Reflect  .   (no cloak)
rCorr    .         Harm     .   (no gloves)
MR       .....                  (no boots)
Stlth    ..........             (no amulet)
HPRegen  0.24/turn              (no ring)
MPRegen  0.11/turn              (no ring)

@: berserking, slowed
A: negative energy resistance 1, electricity resistance, unbreathing,
petrification resistance, rot immunity, AC +6
a: Berserk, Trog's Hand, Renounce Religion


You were on level 7 of the Dungeon.
You worshipped Trog.
Trog was most pleased with you.
You were not hungry.

You visited 1 branch of the dungeon, and saw 7 of its levels.
You also visited: Sewer.

You collected 368 gold pieces.

Inventory:

Hand Weapons
 a - a +0 war axe (weapon)
 j - a +1 hand axe of venom
Armour
 b - a +0 chain mail (worn)
Wands
 i - a wand of polymorph (7)
 r - a wand of paralysis (10)
 s - a wand of acid (9)
Scrolls
 f - 9 scrolls of identify
 h - 7 scrolls of teleportation
 k - 6 scrolls of magic mapping {unknown}
 l - 2 scrolls of enchant armour {unknown}
 m - 2 scrolls of remove curse
 n - a scroll of fog {unknown}
 t - 2 scrolls of torment {unknown}
 u - a scroll of blinking {unknown}
 v - a scroll of immolation {unknown}
 w - 2 scrolls of enchant weapon {unknown}
Potions
 d - 2 potions of curing {unknown}
 e - 2 potions of agility
 g - a potion of might {unknown}
 o - 3 potions of heal wounds {unknown}
 p - 2 potions of mutation {unknown}
 q - 2 potions of haste {unknown}
Comestibles
 c - 17 rations


   Skills:
 + Level 7.0 Fighting
 + Level 5.9 Axes
 + Level 6.5 Armour
 + Level 4.9 Dodging


You had 8 spell levels left.
You didn't know any spells.
Your spell library was empty.

Dungeon Overview and Level Annotations

Branches:
Dungeon (7/15)             Temple (0/1) D:7

Altars:
Dithmenos
Elyvilon
Fedhas
Gozag
Kikubaaqudgha
Nemelex Xobeh
The Shining One


Innate Abilities, Weirdness & Mutations

You are resistant to torment.
Your stone body is resilient. (AC +6)
You are immune to poison.
You resist negative energy. (rN+)
You are resistant to electric shocks. (rElec)
You can survive without breathing.
You are immune to petrification.
You are immune to rotting.


Message History

You hit the phantom.
The phantom blinks!
The orc warrior closely misses you.
You slash the orc warrior!
The orc warrior is almost dead.
The orc wizard gestures at you while chanting.
The magic dart hits you but does no damage.
The orc warrior hits you with a +0 mace.
* * * LOW HITPOINT WARNING * * *
You slash the orc warrior!
You kill the orc warrior!
Trog accepts your kill.
Your Fighting skill increases to level 7!
Your chain mail prevents you from hitting the crimson imp.
The crimson imp hits you but does no damage.
The phantom hits you but does no damage.
You slash the phantom!
The phantom is heavily damaged.
You barely miss the orc wizard. You hit the crimson imp.
The orc wizard points at you and mumbles some strange words.
The magic dart hits you.
You die...

.# ..## #.... # #....
#.. ## ...# .... ##.
#..## ..... ##..
#..###......
....#####.5@o....#
#........W)....#
#.............##
#.....####...## #
##...## ...# #.
#...#####...... ..##
##...............
....###...............#
........#########


You could see a phantom, an orc wizard and a crimson imp.

Vanquished Creatures
  A water moccasin (D:5)
  2 orc warriors (D:7)
  An ice beast (D:5)
  A phantom (D:4)
  A necrophage (D:7)
  A centaur (D:7)
  3 bullfrogs
  A scorpion (D:4)
  3 bullfrog zombies
  4 crimson imps
  A quasit (D:7)
  2 hounds
  4 orc priests
  A jelly (D:5)
  4 orc wizards
  9 adders
  A river rat (D:6)
  2 shadow imps (D:5)
  3 oozes
  An adder zombie (D:6)
  An adder skeleton (D:6)
  4 worms
  2 dart slugs
  5 leopard geckos
  16 orcs
  15 giant cockroaches
  16 goblins
  6 hobgoblins
  7 jackals (D:1)
  3 quokkas (D:4)
  2 ball pythons
  5 bats
  16 frilled lizards
  5 kobolds
  18 rats
167 creatures vanquished.

Vanquished Creatures (others)
  A bush (D:1)
1 creature vanquished.

Grand Total: 168 creatures vanquished

Notes
Turn   | Place    | Note
-------+----------+-------------------------------------------
     0 | D:1      | Fang the Gargoyle Berserker began the quest for the Orb.
     0 | D:1      | Reached XP level 1. HP: 14/14 MP: 1/1
   102 | D:1      | Reached XP level 2. HP: 12/19 MP: 2/2
   671 | D:1      | Reached XP level 3. HP: 20/23 MP: 3/3
   775 | D:1      | Reached ** piety under Trog
  1361 | D:2      | Found a glowing golden altar of the Shining One.
  1465 | D:2      | Reached XP level 4. HP: 20/29 MP: 4/4
  2334 | D:2      | Reached skill level 4 in Fighting
  2446 | D:3      | Reached *** piety under Trog
  2696 | D:3      | Reached XP level 5. HP: 31/33 MP: 5/5
  3148 | D:3      | Found a blossoming altar of Fedhas.
  3429 | D:4      | HP: 2/51 [orc priest/nerve-wracking pain (1)]
  3440 | D:4      | Reached XP level 6. HP: 3/39 MP: 6/6
  3819 | D:4      | Noticed a phantom
  3871 | D:4      | Killed a phantom
  3975 | D:4      | Reached skill level 5 in Fighting
  3975 | D:4      | Reached XP level 7. HP: 44/44 MP: 7/7
  4476 | D:5      | Entered Level 5 of the Dungeon
  4489 | D:5      | Received a gift from Trog
  4581 | D:5      | Found a white marble altar of Elyvilon.
  5275 | D:5      | Found an ancient bone altar of Kikubaaqudgha.
  5374 | D:5      | Reached skill level 5 in Armour
  5659 | D:5      | Reached XP level 8. HP: 36/51 MP: 8/8
  5910 | D:6      | Found a glowing drain.
  5927 | Sewer    | Entered a sewer
  5936 | Sewer    | Reached skill level 5 in Axes
  5950 | Sewer    | Reached skill level 6 in Fighting
  6500 | D:6      | Found a shadowy altar of Dithmenos.
  6741 | D:6      | Found a sparkling altar of Nemelex Xobeh.
  7099 | D:7      | Found an opulent altar of Gozag.
  7123 | D:7      | Found a staircase to the Ecumenical Temple.
  7451 | D:7      | Reached XP level 9. HP: 56/56 MP: 9/9
  7462 | D:7      | HP: 2/84 [phantom (5)]
  7465 | D:7      | Reached skill level 7 in Fighting
  7466 | D:7      | Killed from afar by an orc wizard

Skill      XL: |  1  2  3  4  5  6  7  8  9 |
---------------+----------------------------+-----
Axes           | 3 4 5 |  5.9
Dodging        | 2 3 4 |  4.9
Armour         | 3 4 5 6 |  6.5
Fighting       | 4 5 6 7 |  7.0

Action                   |  1- 3 |  4- 6 |  7- 9 || total
-------------------------+-------+-------+-------++-------
Melee: Hand axe          |   256 |   394 |   225 ||   875
       War axe           |       |       |    98 ||    98
Invok: Berserk           |     1 |     3 |     5 ||     9
  Use: Scroll            |       |     5 |       ||     5
  Eat: Chunk             |     3 |    12 |    10 ||    25
       Ration            |       |       |     2 ||     2
Armor: Animal skin       |    54 |    11 |       ||    65
       Chain mail        |       |   273 |   222 ||   495
Dodge: Dodged            |   105 |   187 |   164 ||   456
